 Dungeon Crawl Stone Soup version 0.29.1-15-g9cfb28693d (webtiles) character file.

Game seed: 11340617521037241322

116 Alturiack the Ducker (level 4, -6/21 HPs)
             Began as a Spriggan Venom Mage on Apr 11, 2023.
             Mangled by an orc
             ... wielding a +0 rapier of speed
              (7 damage)
             ... on level 3 of the Dungeon.
             The game lasted 00:10:05 (4079 turns).

Alturiack the Ducker (Spriggan Venom Mage)          Turns: 4079, Time: 00:10:06

Health: -6/21      AC:  2    Str:  4    XL:     4   Next: 69%
Magic:  1/11       EV: 18    Int: 22    God:
Gold:   117        SH:  0    Dex: 15    Spells: 8/11 levels left

rFire   . . .      SeeInvis +   i - +7 hammer "Vioskyso" {vamp, rC+ Int+4 SInv}
rCold   + . .      Faith    .   (no shield)
rNeg    . . .      Spirit   .   a - +0 robe
rPois   .          Reflect  .   (helmet restricted)
rElec   .          Harm     .   (no cloak)
rCorr   .          Rampage  .   (gloves unavailable)
Will    .....                   (boots unavailable)
Stlth   ++........              (no amulet)
HPRegen 0.07/turn               (no ring)
MPRegen 0.12/turn               (no ring)

@: very quick
A: very small, no large weapons, unfitting armour, see invisible, speed 3
a: no special abilities


You were on level 3 of the Dungeon.
You visited 1 branch of the dungeon, and saw 3 of its levels.

You collected 117 gold pieces.

Inventory:

Hand Weapons
 i - the +7 hammer "Vioskyso" (weapon) {vamp, rC+ Int+4 SInv}
   (You found it on level 2 of the Dungeon)

   It occasionally heals its wielder for a portion of the damage dealt when it
   wounds a living foe.
   Int:       It affects your intelligence (+4).
   rC:        It protects you from cold.
   SInv:      It lets you see invisible.
Armour
 a - a +0 robe (worn)
Wands
 k - a wand of polymorph (7)
Scrolls
 d - 2 scrolls of enchant weapon {unknown}
 e - a scroll of noise {unknown}
 g - a scroll of teleportation {unknown}
 j - 3 scrolls of identify {unknown}
Potions
 b - a potion of magic
 c - a potion of ambrosia {unknown}
 f - a potion of might {unknown}
 h - 3 potions of heal wounds {unknown}


   Skills:
 + Level 4.3 Dodging
 - Level 3.0 Stealth
 + Level 4.1 Spellcasting
 - Level 1.3 Transmutations
 + Level 4.0 Poison Magic


You had 8 spell levels left.
You knew the following spells:

 Your Spells              Type           Power      Damage    Failure   Level
a - Sting                 Tmut/Pois      64%        1d6       3%          1
b - Poisonous Vapours     Pois/Air       26%        N/A       8%          2

Your spell library contained the following spells:

 Spells                   Type           Power      Damage    Failure   Level
 Scorch                   Fire           8%         2d5       17%         2
 Mephitic Cloud           Conj/Pois/Air  10%        N/A       19%         3
 Olgreb's Toxic Radiance  Pois           22%        N/A       22%         4
 Flame Wave               Conj/Fire      4%         2d5       73%         4
 Summon Cactus Giant      Summ           2%         N/A       100%        6


Dungeon Overview and Level Annotations

Branches:
Dungeon (3/15)

Altars:
Xom

Annotations:
D:3 Robin


Innate Abilities, Weirdness & Mutations

You are very small and have problems with some larger weapons.
You are too small for most types of armour.
You have supernaturally acute eyesight. (SInv)
You cover ground extremely quickly. (Speed+++)


Message History

Confirm with . or Enter, or press ? or * to list all spells.
You don't have enough magic to cast this spell.
Things that are here:
a +0 dagger; 3 stones You kill the hobgoblin!
You sock the dart slug!
You kill the dart slug!
Casting: Sting (safe; 3% risk of failure)
Confirm with . or Enter, or press ? or * to list all spells.
You don't have enough magic to cast this spell.
Casting: Sting (safe; 3% risk of failure)
Confirm with . or Enter, or press ? or * to list all spells.
You don't have enough magic to cast this spell.
The goblin closely misses you.
You closely miss the goblin. You barely miss the goblin.
The goblin hits you with a +0 club. The goblin barely misses you. x2
A frilled lizard comes into view.
Casting: Sting (safe; 3% risk of failure)
Confirm with . or Enter, or press ? or * to list all spells.
Aiming: Sting (safe; 3% risk of failure)
Press: ? - help, Shift-Dir - straight line, f - goblin
Aim: a goblin, wielding a +0 club (strong, 67% to hit)
You miscast Sting.
You are very lightly contaminated with residual magic.
Nothing appears to happen.
The frilled lizard hisses angrily.
The goblin hits you with a +0 club. x2
The goblin no longer looks unusually strong. x2
An orc comes into view. It is wielding a +0 trident.
An orc comes into view. It is wielding a +0 rapier of speed.
The orc shouts!
Your magical contamination has completely faded away.
The goblin no longer looks unusually strong.
The orc wizard gestures wildly while chanting.
The orc wizard flickers and vanishes for a moment.
The orc hits you with a +0 rapier of speed!
* * * LOW HITPOINT WARNING * * *
The orc hits you with a +0 rapier of speed!
You die...

#.................
#.###gg...........
# #...............
#g.g............
###...............
#.............
#####..l....o.....
........oo........
#...#..@..........
#.# #.............
#.............
#.............
#.............
.............
.............
.............


You could see an orc wizard (invisible), 2 orcs, a hobgoblin, 3 goblins and a
frilled lizard.

Vanquished Creatures
  Crazy Yiuf (D:2)
  2 adders
  4 worms (D:2)
  2 dart slugs
  An orc (D:3)
  4 ball pythons
  8 bats
  3 endoplasms
  2 giant cockroaches (D:1)
  5 goblins
  3 hobgoblins
  5 kobolds
  4 quokkas
  2 frilled lizards
  4 rats
50 creatures vanquished.

Vanquished Creatures (others)
  2 fungi (D:2)
2 creatures vanquished.

Grand Total: 52 creatures vanquished

Notes
Turn   | Place    | Note
-------+----------+-------------------------------------------
     0 | D:1      | Alturiack the Spriggan Venom Mage began the quest for the
                  | Orb.
     0 | D:1      | Reached XP level 1. HP: 9/9 MP: 5/5
   250 | D:1      | Reached XP level 2. HP: 6/13 MP: 0/7
   524 | D:1      | Noticed a floating eye
   834 | D:1      | Noticed a great orb of eyes
   837 | D:1      | Found a faded altar of an unknown god.
   857 | D:1      | Noticed a golden eye
   857 | D:1      | Noticed a golden eye
  1312 | D:1      | Reached XP level 3. HP: 16/16 MP: 6/8
  1436 | D:2      | Identified the +7 hammer "Vioskyso" {vamp, rC+ Int+4 SInv}
  1449 | D:2      | Found a runed translucent door.
  1450 | D:2      | Noticed Crazy Yiuf
  2187 | D:2      | Found a shimmering altar of Xom.
  2199 | D:2      | Reached XP level 4. HP: 21/21 MP: 4/10
  2611 | D:2      | Learned a level 2 spell: Poisonous Vapours
  2623 | D:2      | Killed Crazy Yiuf
  4049 | D:3      | Noticed Robin
  4077 | D:3      | HP: 1/21 [orc/+0 rapier of speed (7)]
  4079 | D:3      | Mangled by an orc

Illustrated notes

Levels and vault maps discovered:
D:1:      onia_arrival_handbag, layout_basic,
          hellmonk_ecumenical_altar_watching_god
D:2:      layout_loops_ring, basic_altar, minmay_pentomino_t2,
          uniq_crazy_yiuf_cottage
D:3:      layout_basic, marbit_many_paths, gup_sewer_entry_glass, minivault_27,
          bh_walls_and_bars, uniq_robin

Skill      XL: |  1  2  3  4 |
---------------+-------------+-----
Dodging        | 3 4 |  4.3
Spellcasting   | 3 4 |  4.1
Poison Magic   | 4 |  4.0
Stealth        | |  3.0
Transmutations | |  1.3

Action                   |  1- 3 |  4- 6 || total
-------------------------+-------+-------++-------
Melee: Mace              |    12 |     6 ||    18
       Punch             |     1 |       ||     1
       Unarmed           |       |     1 ||     1
 Cast: Sting             |    70 |     9 ||    79
       Poisonous Vapours |       |     5 ||     5
Armor: Robe              |     4 |     1 ||     5
Dodge: Dodged            |    22 |    11 ||    33
